 Dungeon Crawl Stone Soup version 0.31-a0-704-g1016066182 (webtiles) character file.

Game seed: 5646419709259610414

49 Ordine the Ruffian (level 3, -6/34 HPs)
             Began as an Octopode Shapeshifter on Sept 9, 2023.
             Mangled by Crazy Yiuf
             ... wielding a +3 quarterstaff of chaos
              (8 damage)
             ... on level 2 of the Dungeon.
             The game lasted 00:02:09 (1869 turns).

Ordine the Ruffian (Octopode Shapeshifter)          Turns: 1869, Time: 00:02:11

Health: -6/34      AC: 21    Str: 15    XL:     3   Next: 75%
Magic:  3/3        EV:  2    Int: 12    God:
Gold:   104        SH:  0    Dex: 11    Spells: 2/2 levels left

rFire   + .          .
                       - Unarmed
rCold   . . .        (no shield)
rNeg    . . .        (helmet currently unavailable)
rPois   +            (no amulet)
rElec   .            k - ring of protection from fire
rCorr   .            (no ring)
SInv    .            (no ring)
Will    .....        (no ring)
Stlth   ++           (no ring)
HPRegen 0.25/turn    (no ring)
MPRegen 0.08/turn    (no ring)
                     (no ring)

%: no passive effects
@: lethally poisoned (-6 -> -10), tree-form
A: stationary, stasis, torment immunity, boosted hp, almost no armour,
(amphibious), 8 rings, (camouflage 1), (gelatinous body 1), (nimble swimmer 1),
(tentacles)
a: no special abilities


You were on level 2 of the Dungeon.
You were a tree.
You visited 1 branch of the dungeon, and saw 2 of its levels.

You collected 104 gold pieces.

Inventory:

Jewellery
 k - a ring of protection from fire (left branch)
Talismans
 b - a beast talisman
 c - a flux talisman
Scrolls
 d - a scroll of vulnerability {unknown}
 e - a scroll of amnesia {unknown}
 f - a scroll of identify {unknown}
 g - 2 scrolls of noise {unknown}
 i - 2 scrolls of teleportation {unknown}
 j - a scroll of fear {unknown}
 l - a scroll of silence {unknown}
Potions
 h - 2 potions of attraction {unknown}


   Skills:
 + Level 1.5 Fighting
 + Level 2.3 Dodging
 + Level 1.4 Stealth
 * Level 3.6 Unarmed Combat
 + Level 3.2 Shapeshifting


You had 2 spell levels left.
You didn't know any spells.
Your spell library contained the following spells:

 Spells                   Type           Power      Damage    Failure   Level
 Summon Small Mammal      Summ           0%         N/A       32%         1
 Call Canine Familiar     Summ           0%         N/A       69%         3
 Summon Guardian Golem    Hex/Summ       0%         N/A       69%         3


Dungeon Overview and Level Annotations

Branches:
Dungeon (2/15)

Altars:
Yredelemnul

Annotations:
D:2 Crazy Yiuf


Innate Abilities, Weirdness & Mutations

You are a tree.
Your roots penetrate the ground, keeping you stationary.
You cannot be teleported.
You are immune to unholy pain and torment.
Your maximum health is greatly increased.
You cannot wear most types of armour.
((You are amphibious.))
You can wear up to eight rings at the same time.
((Your skin changes colour to match your surroundings (Stealth+).))
((Your rubbery body absorbs attacks. (AC +1, EV +1)))
((You are camouflaged when in or above water. (Stealth+)))
((You have tentacles for arms and can constrict up to eight enemies at once.))


Message History

There is an open door here.
You open the door.
There is an open door here.
There is a stone staircase leading up here.
There is an open door here.
You see here the +3 hammer of Cocytus {protect, Dex+2}.
You see here a +0 hammer.
You see here a +0 hammer.
You see here a +0 hammer.
You see here a +0 hammer.
Could not explore, unopened runed door.
As you open the door, it creaks loudly!
Crazy Yiuf shouts!
Crazy Yiuf hits you with a +3 quarterstaff of chaos!
You are poisoned.
There is an open translucent door, spattered with blood here.
You closely miss Crazy Yiuf. You grab Crazy Yiuf.
You constrict Crazy Yiuf, but do no damage.
You feel sick.
Crazy Yiuf screams, "East childish mobile!"
Crazy Yiuf barely misses you.
You tentacle-slap Crazy Yiuf but do no damage.
You constrict Crazy Yiuf.
You feel sick.
Crazy Yiuf hits you with a +3 quarterstaff of chaos!
* * * LOW HITPOINT WARNING * * *
You are too injured to fight recklessly!
You are too injured to fight recklessly!
You are too injured to fight recklessly!
You tentacle-slap Crazy Yiuf but do no damage.
Crazy Yiuf is lightly wounded.
You constrict Crazy Yiuf.
* * * LOW HITPOINT WARNING * * *
You feel sick. Crazy Yiuf barely misses you.
Your transformation has ended.
You turn into a tree.
Your roots penetrate the ground.
You lose your grip on Crazy Yiuf.
* * * LOW HITPOINT WARNING * * *
You feel sick.
Crazy Yiuf waves his quarterstaff at you.
Crazy Yiuf hits you with a +3 quarterstaff of chaos!
You die...

#.#..#.#.# ##.#....##
#.#......# #........
#.#......# #.##....#
###'#.###### #..'.....
#.....# ####...#. #.....#
#### #####. #.....##♣♣
#### #..# ## ###...#..♣♣
♣♣#)))# ##.# #
#.....P.♣♣♣♣)♣g).# #.#
#.....P.)♣))♣#)))# #)#
#####.P)♣)♣♣♣ #### #.#
##♣♣♣♣♣ #.# #.# ##### #.#
##########...# #.#
............############.#
###########..............#


You could see Crazy Yiuf.

Vanquished Creatures
  2 adders (D:2)
  2 dart slugs
  3 endoplasms
  3 goblins (D:1)
  6 hobgoblins
  2 quokkas (D:2)
  A bat (D:2)
  2 frilled lizards (D:1)
  3 kobolds
24 creatures vanquished.

Notes
Turn   | Place    | Note
-------+----------+-------------------------------------------
     0 | D:1      | Ordine the Octopode Shapeshifter began the quest for the
                  | Orb.
     0 | D:1      | Reached XP level 1. HP: 13/13 MP: 1/1
   176 | D:1      | Reached XP level 2. HP: 18/18 MP: 2/2
   804 | D:1      | Reached skill level 1 in Stealth
  1060 | D:2      | Reached XP level 3. HP: 23/23 MP: 3/3
  1272 | D:2      | Identified the +3 hammer of Cocytus {protect, Dex+2}
  1273 | D:2      | Found a runed translucent door.
  1274 | D:2      | Noticed Crazy Yiuf
  1448 | D:2      | Found a basalt altar of Yredelemnul.
  1868 | D:2      | HP: 1/23 [poisoned by Crazy Yiuf]
  1869 | D:2      | Mangled by Crazy Yiuf

Illustrated notes

Levels and vault maps discovered:
D:1:      lightli_arrival_statue_moat, layout_basic
D:2:      layout_basic, basic_altar, uniq_crazy_yiuf_cottage

Skill      XL: |  1  2 |
---------------+-------+-----
Stealth        | 1 |  1.4
Fighting       | |  1.5
Dodging        | |  2.3
Unarmed Combat | |  3.6
Shapeshifting  | |  3.2

Action                     || total
---------------------------++-------
  Melee: Unarmed           ||    57
         Constrict         ||    17
         Tentacles         ||    11
    Use: Potion            ||     1
   Stab: Sleeping          ||     7
 Armour: Skin              ||    23
  Dodge: Dodged            ||    27

Table legend: (Time is in decaauts)
 A = Elapsed time spent in this place.
 B = Non-inter-level travel time spent in this place.
 C = Inter-level travel time spent in this place.
 D = Time resting spent in this place.
 E = Time spent auto-exploring this place.
 F = Levels seen in this place.
 G = Mean time per level.
                   A        B        C        D        E       F      G
               +--------+--------+--------+--------+--------+-----+--------+
         Total |   1866 |   1752 |    114 |      0 |   1555 |   2 |  933.0 |
       Dungeon |   1866 |   1752 |    114 |      0 |   1555 |   2 |  933.0 |
               +--------+--------+--------+--------+--------+-----+--------+

Top non-repeatable levels by time:
     D:1: 1031 daAuts
     D:2: 835 daAuts
